 Dungeon Sprint DCSS version 0.26-a0-859-gf57989e088 (webtiles) character file.

Game seed: 7815515873180324221

47 Conn the Firebug (level 3, -1/21 HPs)
             Began as an Octopode Fire Elementalist on Nov 25, 2020.
             Slain by a worker ant (5 damage)
             ... in the Dungeon (Sprint II: "The Violet Keep of Menkaure").
             The game lasted 00:01:26 (37 turns).

Conn the Firebug (Octopode Fire Elementalist)         Turns: 37, Time: 00:01:27

Health: -1/21      AC:  1    Str:  7    XL:     3   Next: 70%
Magic:  8/8        EV: 14    Int: 18    God:
Gold:   0          SH:  0    Dex: 12    Spells: 8/9 levels left

rFire    . . .     SeeInvis .   (no weapon)
rCold    . . .     Faith    .   (no shield)
rNeg     . . .     Spirit   .   (helmet restricted)
rPois    .         Reflect  .   (no amulet)
rElec    .         Harm     .   (no ring)
rCorr    .         Rampage  .   (no ring)
MR       .....     NoTele   +   (no ring)
Stlth    +++.......             (no ring)
HPRegen  0.07/turn              (no ring)
MPRegen  0.11/turn              (no ring)
                                (no ring)
                                (no ring)

@: lethally poisoned (-1 -> -27), berserk cooldown, hasted and slowed
A: almost no armour, stealthy swim, amphibious, 8 rings, constrict 8, camouflage
1, gelatinous body 1
a: no special abilities


You were in the Dungeon.
You visited 1 branch

Inventory:

Scrolls
 g - a scroll of blinking
Potions
 e - a potion of magic


   Skills:
 + Level 3.1 Dodging
 + Level 3.8 Stealth
 + Level 0.3 Unarmed Combat
 + Level 3.5 Spellcasting
 + Level 1.4 Conjurations
 + Level 5.8 Fire Magic


You had 8 spell levels left.
You knew the following spells:

 Your Spells              Type           Power        Failure   Level
a - Foxfire               Conj/Fire      ###.         3%          1

Your spell library contained the following spells:

 Spells                   Type           Power        Failure   Level
 Conjure Flame            Conj/Fire      ###.....     11%         3
 Inner Flame              Hex/Fire       ##......     14%         3
 Sticky Flame             Conj/Fire      ###.....     34%         4
 Fireball                 Conj/Fire      ###.......   67%         5


Dungeon Overview and Level Annotations

Branches:
Dungeon (1/1)

Altars:


Innate Abilities, Weirdness & Mutations

You cannot wear most types of armour.
You are very stealthy in the water. (Stealth+)
You are amphibious.
You can wear up to eight rings at the same time.
You can use your tentacles to constrict eight enemies at once.
Your skin changes colour to match your surroundings (Stealth+).
Your rubbery body absorbs attacks. (AC +1, EV +1)


Message History

The worker ant is heavily wounded.
The worker ant closely misses you.
Unknown command.
You feel much better.
You feel sick. The worker ant bites you. Magic courses through your body.
The worker ant bites you.
You are lethally poisoned!
The worker ant poisons you! The worker ant bites you.
You are more poisoned.
The worker ant poisons you!
Unknown command.
Casting: Foxfire (safe; 3% risk of failure)
Confirm with . or Enter, or press ? or * to list all spells.
You conjure some foxfire!
You feel sick. The worker ant bites you.
* * * LOW HITPOINT WARNING * * *
The worker ant barely misses you.
* * * LOW HITPOINT WARNING * * *
You feel sick.
The foxfire hits the worker ant!
The worker ant is almost dead.
The worker ant misses you. The worker ant bites you.
You die...

# ## ##. #+#
.##
#...##.###..#
#$+.BB'$#
#.m.##@###..#
##. #+# .## #
.#$ ## l# #l
## ##


You could see 2 worker ants.

Vanquished Creatures
  2 worker ants (D)
2 creatures vanquished.

Vanquished Creatures (others)
  7 foxfires (D)
7 creatures vanquished.

Grand Total: 9 creatures vanquished

Notes
Turn   | Place    | Note
-------+----------+-------------------------------------------
     0 | D        | Conn the Octopode Fire Elementalist began the quest for the
                  | Orb.
     0 | D        | Reached XP level 1. HP: 11/11 MP: 3/3
     1 | D        | Noticed a merfolk siren
     4 | D        | Noticed a wyvern
     4 | D        | Noticed a wyvern
     7 | D        | Noticed a worker ant
     7 | D        | Noticed a worker ant
    18 | D        | Killed a worker ant
    19 | D        | Reached skill level 5 in Fire Magic
    19 | D        | Reached XP level 2. HP: 16/17 MP: 0/6
    19 | D        | Reached XP level 3. HP: 20/21 MP: 0/7
    37 | D        | Slain by a worker ant

Illustrated notes

Levels and vault maps discovered:
D:        the_violet_keep_of_menkaure [sprint2_stairs_cluster_1,
          sprint2_shoproom, sprint2_temple, sprint2_basic_supplies,
          sprint2_obstacle_4, sprint2_obstacle_3, sprint2_obstacle_7,
          sprint2_obstacle_2, sprint2_obstacle_5, sprint2_timed_cluster_1,
          sprint2_smallroom_cluster_1, sprint2_smallroom_final_cluster_1,
          sprint2_transparent_cluster_1, sprint2_second_timed_cluster_1,
          sprint2_sniper_area_1, sprint2_heavy_combat_area_1,
          sprint2_mutation_trap_area_1, sprint2_forest_area_1,
          sprint2_light_combat_area_1, sprint2_behind_water_1,
          sprint2_near_end_vault_1]

Skill      XL: |  1  2  3 |
---------------+----------+-----
Stealth        | 3 |  3.8
Spellcasting   | 3 |  3.5
Fire Magic     | 5 |  5.8
Dodging        | 3 |  3.1
Unarmed Combat | |  0.3
Conjurations   | |  1.4

Action                   || total
-------------------------++-------
Melee: Unarmed           ||     6
       Constrict         ||     1
       Tentacles         ||     1
 Cast: Foxfire           ||     5
  Use: Potion            ||     5
Dodge: Dodged            ||     7

Table legend: (Time is in decaauts)
 A = Elapsed time spent in this place.
 B = Non-inter-level travel time spent in this place.
 C = Inter-level travel time spent in this place.
 D = Time resting spent in this place.
 E = Time spent auto-exploring this place.
 F = Levels seen in this place.
 G = Mean time per level.
                   A        B        C        D        E       F      G
               +--------+--------+--------+--------+--------+-----+--------+
         Total |     30 |     30 |      0 |      0 |      0 |   1 |   30.0 |
       Dungeon |     30 |     30 |      0 |      0 |      0 |   1 |   30.0 |
               +--------+--------+--------+--------+--------+-----+--------+

Top non-repeatable levels by time:
       D: 30 daAuts
